 Seeded DCSS version 0.28-a0-1234-g826d19b2e0 (webtiles) character file.

Game seed: 20211224 (custom seed)

39 a11behringer the Gusty (level 3, 0/19 HPs)
             Began as a Tengu Air Elementalist on Dec 24, 2021.
             Slain by an adder (1 damage)
             ... on level 3 of the Dungeon.
             The game lasted 00:07:26 (1527 turns).

a11behringer the Gusty (Tengu Air Elementalist)     Turns: 1527, Time: 00:07:27

Health: 0/19       AC:  2    Str:  8    XL:     3   Next: 47%
Magic:  1/7        EV: 12    Int: 17    God:
Gold:   51         SH:  0    Dex: 14    Spells: 0/6 levels left

rFire   . . .      SeeInvis .   d - +0 dagger
rCold   . . .      Faith    .   (no shield)
rNeg    . . .      Spirit   .   a - +0 robe
rPois   .          Reflect  .   b - +0 hat
rElec   .          Harm     .   (no cloak)
rCorr   .          Rampage  .   (no gloves)
Will    .....                   (boots unavailable)
Stlth   ++........              j - amulet of regeneration
HPRegen 0.86/turn               (no ring)
MPRegen 0.10/turn               (no ring)

@: lethally poisoned (0 -> -1)
A: beak, talons 3
a: no special abilities


You were on level 3 of the Dungeon.
You visited 1 branch of the dungeon, and saw 3 of its levels.

You collected 51 gold pieces.

Inventory:

Hand Weapons
 d - a +0 dagger (weapon)
 e - a +0 short sword
Armour
 a - a +0 robe (worn)
 b - a +0 hat (worn)
 k - a +0 leather armour
Jewellery
 j - an amulet of regeneration (around neck)
Scrolls
 f - a scroll of fog {unknown}
 g - 3 scrolls of magic mapping {unknown}
 h - a scroll of identify {unknown}
 l - a scroll of enchant weapon {unknown}
 m - a scroll of brand weapon {unknown}
Potions
 c - 2 potions of heal wounds {unknown}
 i - a potion of resistance {unknown}


   Skills:
 + Level 2.4 Dodging
 + Level 2.3 Stealth
 + Level 2.4 Spellcasting
 + Level 2.0 Conjurations
 + Level 4.8 Air Magic


You couldn't memorise any spells.
You knew the following spells:

 Your Spells              Type           Power      Damage    Failure   Level
a - Shock                 Conj/Air       52%        1d6       4%          1
b - Swiftness             Air            18%        N/A       8%          3
c - Static Discharge      Conj/Air       13%        N/A       7%          2

Your spell library contained the following spells:

 Spells                   Type           Power      Damage    Failure   Level
 Mephitic Cloud           Conj/Pois/Air  9%         N/A       22%         3
 Airstrike                Air            9%         N/A       26%         4
 Ignite Poison            Fire/Tmut/Pois 2%         N/A       50%         3
 Freezing Cloud           Conj/Ice/Air   4%         6-21      90%         5


Dungeon Overview and Level Annotations

Branches:
Dungeon (3/15)

Altars:

Shops:
D:2 =

Annotations:
D:2 Sigmund


Innate Abilities, Weirdness & Mutations

You have a beak for a mouth.
You have claws for feet.


Message History

You are poisoned.
The adder poisons you!
You hit the adder. Your peck misses the adder.
The adder is moderately wounded.
You feel sick. The adder barely misses you.
You miss the adder.
The adder is moderately wounded.
You feel sick. The adder bites you.
You hit the adder. You claw the adder.
The adder is heavily wounded.
You feel sick. The adder bites you but does no damage. The adder bites you.
You hit the adder. Your kick misses the adder.
The adder is severely wounded.
You feel sick. The adder bites you.
You are more poisoned.
The adder poisons you!
You hit the adder.
The adder is almost dead.
You feel sick. The adder bites you.
You barely miss the adder. Your kick misses the adder.
Your peck misses the adder.
The adder is almost dead.
You feel sick. The adder barely misses you. The adder misses you.
You closely miss the adder. You claw the adder. You peck the adder.
The adder is almost dead.
You feel sick. The adder closely misses you.
You miss the adder. You claw the adder, but do no damage.
The adder is almost dead.
You feel sick. The adder completely misses you.
You miss the adder. Your kick misses the adder.
The adder is almost dead.
You feel sick. The adder bites you.
* * * LOW HITPOINT WARNING * * *
The adder bites you.
* * * LOW HITPOINT WARNING * * *
You barely miss the adder.
The adder is almost dead.
* * * LOW HITPOINT WARNING * * *
You feel sick. The adder bites you.
You die...

## ... ### ..
...
####.##.####.#
.............#.#
#.#@# #.#
#.#S####.?.
#..w...#.#####
#.............
#......##..##.
#.....## ....
#.....## .#
#......##
#...#...#


You could see a worm and an adder.

Vanquished Creatures
  A hound skeleton (D:2)
  A worm (D:3)
  2 endoplasms (D:2)
  2 goblins
  3 hobgoblins
  2 kobolds
  A quokka (D:1)
  4 ball pythons
  3 bats
  2 frilled lizards (D:3)
  4 rats
25 creatures vanquished.

Notes
Turn   | Place    | Note
-------+----------+-------------------------------------------
     0 | D:1      | a11behringer the Tengu Air Elementalist began the quest for
                  | the Orb.
     0 | D:1      | Reached XP level 1. HP: 10/10 MP: 4/4
   367 | D:1      | Found a faded altar of an unknown god.
   791 | D:2      | Reached XP level 2. HP: 15/15 MP: 4/6
  1018 | D:2      | Found Eciokketh's One-of-a-Kind Rings.
  1057 | D:2      | Reached XP level 3. HP: 19/19 MP: 3/7
  1192 | D:2      | Noticed Sigmund
  1281 | D:3      | Learned a level 3 spell: Swiftness
  1284 | D:3      | Learned a level 2 spell: Static Discharge
  1527 | D:3      | Slain by an adder

Illustrated notes

Levels and vault maps discovered:
D:1:      lemuel_arrival_rhombus, layout_basic, chequers_ecumenical_altar_island
D:2:      layout_loops_ring, nicolae_shop_unique_rings, minmay_goblin_outpost,
          uniq_sigmund
D:3:      layout_basic, fountainhead, serial_bayou_pond_b,
          palyth_stone_intersect

Skill      XL: |  1  2  3 |
---------------+----------+-----
Conjurations   | 2 |  2.0
Dodging        | |  2.4
Stealth        | |  2.3
Spellcasting   | |  2.4
Air Magic      | |  4.8

Action                   || total
-------------------------++-------
Melee: Dagger            ||    20
       Kick              ||     6
       Peck              ||     2
 Cast: Shock             ||    57
Armor: Robe              ||     2
Dodge: Dodged            ||    14

Table legend: (Time is in decaauts)
 A = Elapsed time spent in this place.
 B = Non-inter-level travel time spent in this place.
 C = Inter-level travel time spent in this place.
 D = Time resting spent in this place.
 E = Time spent auto-exploring this place.
 F = Levels seen in this place.
 G = Mean time per level.
                   A        B        C        D        E       F      G
               +--------+--------+--------+--------+--------+-----+--------+
         Total |   1532 |   1370 |    162 |     26 |   1143 |   3 |  510.7 |
       Dungeon |   1532 |   1370 |    162 |     26 |   1143 |   3 |  510.7 |
               +--------+--------+--------+--------+--------+-----+--------+

Top non-repeatable levels by time:
     D:1: 792 daAuts
     D:2: 431 daAuts
     D:3: 309 daAuts
